 Dungeon Crawl Stone Soup version 0.24-a0-581-gc0fa660 (webtiles) character file.

Game seed: 7001800532407517953

101042 silenth the Zephyrmancer (level 16, -6/101 HPs)
             Began as a Tengu Air Elementalist on Aug 24, 2019.
             Was a High Priest of Vehumet.
             Mangled by an entropy weaver (8 damage)
             ... on level 6 of the Lair of Beasts.
             The game lasted 01:02:46 (31773 turns).

silenth the Zephyrmancer (Tengu Air Elementalist)  Turns: 31773, Time: 01:02:46

Health: -6/101     AC: 10    Str:  8    XL:     16   Next: 29%
Magic:  12/41      EV: 23    Int: 36    God:    Vehumet [*****.]
Gold:   1533       SH:  0    Dex: 16    Spells: 6/36 levels left

rFire    . . .     SeeInvis +   a - +7 great sword of Mutusuys {drain, +Rage rPois Int+3 SInv}
rCold    + . .     Gourm    .   (shield currently unavailable)
rNeg     . . .     Faith    .   k - +0 steam dragon scales
rPois    +         Spirit   .   Y - +3 hat of Pondering {ponderous, MR+ MP+10 Int+5}
rElec    .         Reflect  .   w - +2 cloak {rC+}
rCorr    .         Harm     .   n - +1 pair of gloves
MR       +++++                  (boots unavailable)
Stlth    ++........             y - amulet "Veteg" {Inacc Int+3}
HPRegen  0.26/turn              U - ring of the Mage {Wiz MR++ Int+3}
MPRegen  0.27/turn              M - ring of protection from magic

@: corroded, flying quickly and evasively
A: beak, talons 3, able to fly
a: Stop Flying, Renounce Religion, Evoke Berserk Rage


You were on level 6 of the Lair of Beasts.
You worshipped Vehumet.
Vehumet was extremely pleased with you.
You were hungry.

You visited 3 branches of the dungeon, and saw 18 of its levels.
You also visited: Sewer, Ossuary and Ice Cave.

You collected 1533 gold pieces.

Inventory:

Hand Weapons
 a - the +7 great sword of Mutusuys (weapon) {drain, +Rage rPois Int+3 SInv}
   (You found it on level 10 of the Dungeon)

   A truly terrible weapon, it drains the life of those it strikes.
   It affects your intelligence (+3).
   It protects you from poison.
   It lets you see invisible.
   It lets you go berserk.
 x - the +7 lajatang of Order {silver, rMut}
   (You found it on level 3 of the Lair of Beasts)

   It protects you from mutation.
 G - a +5 short sword
Missiles
 H - 4 throwing nets (quivered)
 O - 17 curare-tipped darts
Armour
 k - +0 steam dragon scales (worn)
 n - a +1 pair of gloves (worn)
 w - a +2 cloak of cold resistance (worn)
 K - a +0 buckler
 Y - the +3 hat of Pondering (worn) {ponderous, MR+ MP+10 Int+5}
   (You took it off Gastronok on level 8 of the Dungeon)

   It affects your intelligence (+5).
   It affects your resistance to hostile enchantments.
   It affects your magic capacity (+10).
Magical Staves
 b - an uncursed staff of conjuration
 W - an uncursed staff of air
Jewellery
 y - the amulet "Veteg" (around neck) {Inacc Int+3}
   (You found it on level 11 of the Dungeon)

   [amulet of inaccuracy]

   It reduces the accuracy of all your attacks.
   It affects your intelligence (+3).
 M - a ring of protection from magic (right hand)
 T - an uncursed ring of poison resistance
 U - the ring of the Mage (left hand) {Wiz MR++ Int+3}
   (You found it on level 11 of the Dungeon)

   [ring of wizardry]

   It improves your spell success rate.
   It affects your intelligence (+3).
   It affects your resistance to hostile enchantments.
Wands
 c - a wand of polymorph (17)
 g - a wand of clouds (13)
 h - a wand of flame (56)
 m - a wand of disintegration (17)
 D - a wand of iceblast (6)
 F - a wand of paralysis (14)
Scrolls
 f - 12 scrolls of teleportation
 j - 4 scrolls of fog
 o - 3 scrolls of fear
 r - 16 scrolls of remove curse
 I - a scroll of magic mapping
 J - a scroll of holy word
 V - 3 scrolls of blinking
 X - a scroll of amnesia
Potions
 d - 8 potions of curing
 l - 5 potions of invisibility
 p - 6 potions of degeneration {unknown}
 q - 3 potions of heal wounds
 s - 2 potions of haste
 t - 3 potions of mutation {unknown}
 u - 3 potions of might
 v - 3 potions of agility
 z - 3 potions of magic
 A - a potion of ambrosia
 B - 2 potions of resistance
 E - 6 potions of lignification {unknown}
 N - 2 potions of brilliance
 Q - a potion of berserk rage
 S - 6 potions of flight {unknown}
Miscellaneous
 C - a phial of floods
 L - a sack of spiders
 P - a lamp of fire
 R - a lightning rod (4/4)
Comestibles
 e - 17 rations


   Skills:
 + Level 11.7 Fighting
 - Level 5.0 Long Blades
 - Level 5.0 Armour
 + Level 9.9 Dodging
 - Level 3.0 Stealth
 + Level 10.9 Spellcasting
 + Level 14.4 Conjurations
 - Level 4.0 Hexes
 - Level 7.0 Summonings
 + Level 3.3 Ice Magic
 + Level 14.9 Air Magic
 - Level 4.0 Evocations


You had 6 spell levels left.
You knew the following spells:

 Your Spells              Type           Power        Failure   Level  Hunger
a - Shock                 Conj/Air       ####         0%          1    None
b - Swiftness             Chrm/Air       ######..     1%          2    None
c - Static Discharge      Conj/Air       #######.     0%          3    None
d - Airstrike             Air            #######...   1%          4    None
e - Lightning Bolt        Conj/Air       #######...   1%          5    #......
f - Dazzling Spray        Conj/Hex       ######       1%          3    None
g - Summon Butterflies    Summ           ######..     1%          1    None
h - Summon Mana Viper     Hex/Summ       ######..     2%          5    #......
i - Freezing Cloud        Conj/Ice/Air   #######...   1%          6    ####...

Your spell library contained the following spells:

 Spells                   Type           Power        Failure   Level  Hunger
 Yara's Violent Unravell  Hex/Tmut       ####......   3%          5    #......
 Magic Dart               Conj           ####         0%          1    None
 Searing Ray              Conj           ######       0%          2    None
 Apportation              Tloc           ###...       1%          1    None
 Freeze                   Ice            ####         1%          1    None
 Throw Frost              Conj/Ice       ######       1%          2    None
 Call Canine Familiar     Summ           ######..     1%          3    None
 Ozocubu's Armour         Chrm/Ice       ####....     1%          3    None
 Tukima's Dance           Hex            #####...     1%          3    None
 Force Lance              Conj/Tloc      ######..     1%          4    None
 Fulminant Prism          Conj/Hex       ######....   1%          4    None
 Iskenderun's Mystic Bla  Conj           #######.     1%          4    None
 Summon Ice Beast         Ice/Summ       ######..     1%          4    None
 Throw Icicle             Conj/Ice       ######..     1%          4    None
 Lesser Beckoning         Tloc           ###.......   2%          3    None
 Alistair's Intoxication  Tmut/Pois      ###.....     24%         5    #......
 Invisibility             Hex            #####...     26%         6    ####...
 Summon Hydra             Summ           ######....   38%         7    ######.


Dungeon Overview and Level Annotations

Branches:
Dungeon (11/15)            Temple (1/1) D:5            Lair (6/6) D:9
  Swamp (0/4) Lair:2        Snake (0/4) Lair:3        Slime (0/5) Lair:5
    Orc (0/2) D:10          Sewer (visited)         Ossuary (visited)
  IceCv (visited)

Altars:
Ashenzari
Cheibriados
Dithmenos
Elyvilon
Fedhas
Gozag
Hepliaklqana
Kikubaaqudgha
Makhleb
Nemelex Xobeh
Okawaru
Qazlal
Ru
Sif Muna
Trog
Uskayaw
Vehumet
Wu Jian
Xom
Yredelemnul
Zin
The Shining One
Beogh
Jiyva

Shops:
D:5 (   D:10 (:

Annotations:
D:4 Grinder
D:6 3 runed translucent doors, CountDeLaPain's ghost, novice HaBe
D:8 3 runed translucent doors, Sacrath's ghost, novice GnWz
D:11 2 runed translucent doors, fooot's ghost, journeyman SpEE


Innate Abilities, Weirdness & Mutations

You have a beak for a mouth.
You have claws for feet.
You can fly continuously.


Message History

Okay, then.
Casting: Summon Mana Viper (safe; 2% risk of failure)
Confirm with . or Enter, or press ? or * to list all spells.
Aiming: Lightning Bolt (safe; 1% risk of failure)
Press: ? - help, Shift-Dir - straight line, f/p - entropy weaver
Aim: an entropy weaver (heavily wounded, lightly drained)
You hear a mighty clap of thunder!
The bolt of lightning misses the entropy weaver.
The entropy weaver hits you but does no damage.
The entropy weaver hits you!
* * * LOW HITPOINT WARNING * * *
The entropy weaver hits you but does no damage.
The entropy weaver hits you.
* * * LOW HITPOINT WARNING * * *
Your mana viper bites the entropy weaver.
The entropy weaver's magic leaks into the air.
The entropy weaver hits you.
* * * LOW HITPOINT WARNING * * *
The entropy weaver hits you!
You die...

##.)# ########..P #### #... ..
#### #### #.† #####... #..# )..†
##...#.≈≈ ...######..†###
#######≈≈..#≈≈≈ ........###..#†
###..##.≈≈≈≈.##≈≈
..........##.††##...(....P≈≈≈≈##≈
...........#'††#@...........≈≈#≈≈
.............††aS..........≈P≈###
..............†..........≈.≈≈≈.#.
.......................≈..≈≈≈≈≈##
..........................≈≈≈≈≈##
......................<≈..≈≈≈≈≈.#
.........................≈≈≈≈≈P.#
.........................≈≈≈≈≈≈≈#
.......................≈.≈≈P≈≈≈≈#


You could see an entropy weaver and a friendly mana viper.

Vanquished Creatures
  Rupert (Lair:3)
  Gastronok (D:8)
  A frost giant (IceCv)
  An entropy weaver (Lair:6)
  5 hydras
  Harold (D:7)
  A centaur warrior (D:11)
  2 two-headed ogres
  A queen ant (Lair:6)
  Urug (Lair:3)
  2 unseen horrors
  Pikel (D:4)
  2 cyclopes (D:11)
  A manticore (D:11)
  Psyche (D:8)
  4 black mambas
  An ice statue (IceCv)
  A torpor snail (Lair:3)
  4 rime drakes
  32 spiny frogs
  6 komodo dragons
  2 ice devils (Lair:2)
  A hornet (D:11)
  18 polar bears
  A troll (D:9)
  2 tyrant leeches (Lair:6)
  19 blink frogs
  3 bog bodies (Lair:2)
  6 dream sheep (Lair:6)
  10 hippogriffs
  A spriggan (Lair:4)
  Sigmund (D:3)
  A wyvern (D:11)
  5 hogs
  3 basilisks
  A human (D:8)
  Grum (D:10)
  43 yaks
  A hungry ghost (D:8)
  A steam dragon (D:11)
  6 vampire mosquitoes
  2 swamp worms (Lair:2)
  2 nagas (Lair:3)
  17 soldier ants (Lair:6)
  An acid dragon (D:11)
  14 water moccasins
  14 porcupines
  3 ice beasts
  A sky beast (D:11)
  8 orc warriors
  3 slaves (D:4)
  3 black bears
  An eye of draining (D:11)
  3 ogres
  25 wolves
  7 centaurs
  17 crocodiles
  27 bullfrogs
  3 water moccasin zombies (Ossuary)
  A wyvern zombie (D:11)
  7 scorpions
  19 wights
  9 killer bees (D:11)
  A howler monkey (D:6)
  3 vampire bats (Lair:3)
  8 electric eels
  16 crimson imps
  2 centaur zombies
  2 quasits
  2 bullfrog zombies
  8 orc priests
  5 jellies
  Crazy Yiuf (D:2)
  3 hounds
  Terence (D:3)
  Natasha (thrice) (D:2)
  2 centaur skeletons
  5 iguanas
  25 worker ants
  18 orc wizards
  2 big kobold zombies (Ossuary)
  A hound zombie (D:11)
  A hound skeleton (D:4)
  3 mummies
  A howler monkey skeleton (D:11)
  4 gnolls (D:9)
  11 adders
  5 shadow imps
  4 adder zombies
  An ooze (D:4)
  3 adder skeletons
  2 worms
  2 dart slugs
  4 leopard geckos
  46 orcs
  A ball python (D:2)
  13 giant cockroaches
  A gnoll zombie (Ossuary)
  8 goblins
  12 hobgoblins
  16 jackals
  4 quokkas
  12 bats
  8 frilled lizards
  A goblin zombie (D:4)
  5 hobgoblin zombies
  9 kobolds
  2 kobold zombies (Ossuary)
  A leopard gecko skeleton (D:5)
  5 orc zombies (Ossuary)
  A quokka skeleton (D:4)
  6 rats
  5 fungi
  9 plants
697 creatures vanquished.

Vanquished Creatures (collateral kills)
  Kirke (Lair:5)
  A spiny frog (Lair:5)
  A tyrant leech (Lair:6)
  6 yaks
  A worker ant (Lair:6)
10 creatures vanquished.

Vanquished Creatures (others)
  2 humans (Lair:5)
  An orc warrior (D:9)
  2 orc wizards
  An orc (D:9)
  A bush (Lair:5)
  78 fungi
  71 plants
156 creatures vanquished.

Grand Total: 863 creatures vanquished

Notes
Turn   | Place    | Note
-------+----------+-------------------------------------------
     0 | D:1      | silenth the Tengu Air Elementalist began the quest for the
                  | Orb.
     0 | D:1      | Reached XP level 1. HP: 10/10 MP: 4/4
   162 | D:1      | Reached skill level 2 in Conjurations
   162 | D:1      | Reached XP level 2. HP: 15/15 MP: 0/6
   578 | D:1      | Reached XP level 3. HP: 19/19 MP: 2/7
   945 | D:2      | Learned a level 2 spell: Swiftness
   949 | D:2      | Learned a level 3 spell: Static Discharge
  1253 | D:2      | Reached skill level 3 in Conjurations
  1291 | D:2      | Reached XP level 4. HP: 24/24 MP: 5/9
  1497 | D:2      | Noticed Natasha
  1501 | D:2      | Killed Natasha
  1501 | D:2      | Reached skill level 5 in Air Magic
  1614 | D:2      | Noticed Natasha
  1619 | D:2      | Killed Natasha
  1619 | D:2      | Reached skill level 3 in Spellcasting
  1619 | D:2      | Gained mutation: You can fly continuously. [Tengu growth]
  1619 | D:2      | Reached XP level 5. HP: 18/28 MP: 4/10
  1780 | D:2      | Noticed Natasha
  1799 | D:2      | Killed Natasha
  1850 | D:2      | Reached skill level 4 in Conjurations
  1956 | D:2      | Found a runed translucent door.
  1957 | D:2      | Noticed Crazy Yiuf
  2048 | D:2      | Learned a level 4 spell: Airstrike
  2356 | D:2      | Killed Crazy Yiuf
  2407 | D:3      | Noticed Terence
  2413 | D:3      | Killed Terence
  2413 | D:3      | Reached skill level 6 in Air Magic
  2413 | D:3      | Reached XP level 6. HP: 31/32 MP: 5/12
  3122 | D:3      | Noticed Sigmund
  3133 | D:3      | Killed Sigmund
  3133 | D:3      | Reached skill level 4 in Spellcasting
  3133 | D:3      | Reached skill level 5 in Conjurations
  3133 | D:3      | Reached XP level 7. HP: 36/36 MP: 2/14
  3656 | D:4      | Reached skill level 7 in Air Magic
  3698 | D:4      | Found a basalt altar of Yredelemnul.
  3702 | D:4      | Noticed Pikel
  3950 | D:4      | Found a sand-covered staircase.
  4195 | Ossuary  | Entered an ossuary
  4233 | Ossuary  | Reached skill level 6 in Conjurations
  4904 | Ossuary  | Reached skill level 5 in Spellcasting
  4904 | Ossuary  | Reached XP level 8. HP: 41/41 MP: 12/16
  5130 | D:4      | Reached skill level 8 in Air Magic
  5272 | D:4      | Noticed Grinder
  5398 | D:4      | Killed Pikel
  5398 | D:4      | Reached skill level 1 in Fighting
  5398 | D:4      | Reached skill level 3 in Dodging
  5398 | D:4      | Reached skill level 7 in Conjurations
  5459 | D:4      | Found a blossoming altar of Fedhas.
  5858 | D:5      | Entered Level 5 of the Dungeon
  5864 | D:5      | Reached skill level 2 in Fighting
  5937 | D:5      | Found a staircase to the Ecumenical Temple.
  5945 | D:5      | Learned a level 5 spell: Lightning Bolt
  5955 | Temple   | Entered the Ecumenical Temple
  6146 | Temple   | Became a worshipper of Vehumet
  6314 | D:5      | Reached XP level 9. HP: 38/49 MP: 8/18
  6465 | D:5      | Reached skill level 8 in Conjurations
  6465 | D:5      | Reached skill level 9 in Air Magic
  6466 | D:5      | Reached skill level 4 in Dodging
  6470 | D:5      | Reached skill level 6 in Spellcasting
  6720 | D:5      | Found a shattered altar of Ashenzari.
  6729 | D:5      | Reached skill level 3 in Fighting
  6819 | D:5      | Found Vyblaf's Antique Weapon Emporium.
  7531 | D:5      | Reached * piety under Vehumet
  7531 | D:5      | Offered knowledge of Sting by Vehumet.
  7744 | D:6      | HP: 5/52 [orc warrior/+0 mace (3)]
  7753 | D:6      | Found a runed translucent gate.
  7755 | D:6      | Found a runed translucent gate.
  7755 | D:6      | Found a runed translucent gate.
  7912 | D:6      | Found a glowing drain.
  7965 | Sewer    | Entered a sewer
  8026 | Sewer    | Reached skill level 5 in Dodging
  8272 | D:6      | Offered knowledge of Freeze by Vehumet.
  8272 | D:6      | Reached skill level 4 in Fighting
  8273 | D:6      | Reached ** piety under Vehumet
  8282 | D:6      | Reached skill level 9 in Conjurations
  8555 | D:6      | Noticed CountDeLaPain's ghost (novice HaBe)
  8612 | D:7      | Noticed Harold
  8622 | D:7      | Reached skill level 10 in Air Magic
  8624 | D:7      | Killed Harold
  8624 | D:7      | Reached skill level 7 in Spellcasting
  8624 | D:7      | Reached XP level 10. HP: 46/58 MP: 5/21
  8655 | D:7      | Reached skill level 5 in Fighting
  9661 | D:8      | Found a sparkling altar of Nemelex Xobeh.
  9665 | D:8      | Noticed Gastronok
  9698 | D:8      | Offered knowledge of Dazzling Spray by Vehumet.
  9698 | D:8      | Reached skill level 1 in Armour
  9703 | D:8      | Learned a level 3 spell: Dazzling Spray
  9730 | D:8      | Noticed Psyche
  9735 | D:8      | Killed Psyche
  9735 | D:8      | Reached skill level 1 in Evocations
 10011 | D:8      | Found a sacrificial altar of Ru.
 10080 | D:8      | Reached *** piety under Vehumet
 10104 | D:8      | Reached skill level 10 in Conjurations
 10332 | D:8      | Reached skill level 3 in Stealth
 10333 | D:8      | Reached skill level 2 in Armour
 10333 | D:8      | Reached skill level 1 in Hexes
 10334 | D:8      | Reached skill level 2 in Evocations
 10505 | D:8      | Found a runed translucent gate.
 10507 | D:8      | Found a runed translucent gate.
 10508 | D:8      | Found a runed translucent gate.
 10509 | D:8      | Identified the +8 quarterstaff of Guile {crush, rF+ rC++
                  | rN+}
 10513 | D:8      | Found a roughly hewn altar of Beogh.
 10563 | D:8      | Offered knowledge of Conjure Flame by Vehumet.
 10677 | D:8      | Found an ornate altar of the Wu Jian Council.
 10752 | D:8      | Noticed Sacrath's ghost (novice GnWz)
 10851 | D:9      | Reached skill level 11 in Air Magic
 10851 | D:9      | Reached XP level 11. HP: 64/64 MP: 20/23
 11043 | D:8      | Reached skill level 6 in Dodging
 11378 | D:9      | Reached skill level 6 in Fighting
 11541 | D:9      | Reached **** piety under Vehumet
 11583 | D:9      | Noticed a two-headed ogre
 11818 | D:9      | Killed a two-headed ogre
 11818 | D:9      | Reached skill level 2 in Hexes
 12149 | D:9      | Found a staircase to the Lair.
 12300 | D:10     | Entered Level 10 of the Dungeon
 12326 | D:10     | Found Koupt's Book Boutique.
 12326 | D:10     | Noticed Sonja
 12327 | D:10     | Noticed Sonja
 12327 | D:10     | Sonja changed into Sonja the black mamba
 12335 | D:10     | Killed Sonja the black mamba
 12335 | D:10     | Reached skill level 8 in Spellcasting
 12453 | D:10     | Learned a level 1 spell: Summon Butterflies
 12561 | D:10     | Offered knowledge of Ignite Poison by Vehumet.
 12562 | D:10     | Killed an unseen horror
 12562 | D:10     | Reached skill level 1 in Summonings
 12576 | D:10     | Reached skill level 11 in Conjurations
 12708 | D:10     | Noticed Grum
 12717 | D:10     | Reached skill level 2 in Summonings
 12724 | D:10     | Killed Grum
 12724 | D:10     | Reached skill level 7 in Dodging
 12926 | D:10     | Found a staircase to the Orcish Mines.
 13240 | D:10     | Found Umninunn's Weapon Shoppe.
 13798 | D:10     | Got a polished great sword
 13799 | D:10     | Identified the +7 great sword of Mutusuys {drain, +Rage
                  | rPois Int+3 SInv} (You found it on level 10 of the Dungeon)
 14024 | D:11     | Reached skill level 1 in Long Blades
 14255 | D:11     | Reached skill level 3 in Summonings
 14554 | D:11     | Noticed a cyclops
 14560 | D:11     | Killed a cyclops
 14560 | D:11     | Reached skill level 7 in Fighting
 14593 | D:11     | Reached skill level 12 in Air Magic
 14678 | D:11     | Reached XP level 12. HP: 72/72 MP: 21/25
 14680 | D:11     | Reached skill level 2 in Long Blades
 15063 | D:11     | Noticed a centaur warrior
 15064 | D:11     | Found the ring of the Mage {Wiz MR++ Int+3}
 15071 | D:11     | Reached ***** piety under Vehumet
 15073 | D:11     | Killed a centaur warrior
 15073 | D:11     | Offered knowledge of Bolt of Draining by Vehumet.
 15074 | D:11     | Noticed a five-headed hydra
 15075 | D:11     | Reached skill level 3 in Long Blades
 15079 | D:11     | Killed a five-headed hydra
 15240 | D:11     | Got a glittering iron amulet
 15263 | D:11     | Identified the amulet "Veteg" {Inacc Int+3} (You found it
                  | on level 11 of the Dungeon)
 15529 | D:11     | Noticed a two-headed ogre
 15546 | D:11     | Reached skill level 12 in Conjurations
 15546 | D:11     | Killed a two-headed ogre
 15546 | D:11     | Reached skill level 9 in Spellcasting
 15553 | D:11     | Reached skill level 4 in Long Blades
 16097 | D:11     | Noticed fooot's ghost (journeyman SpEE)
 16097 | D:11     | Noticed a lich
 16097 | D:11     | Noticed a centaur warrior
 16098 | D:11     | Noticed a deep troll earth mage
 16098 | D:11     | Noticed a yaktaur captain
 16178 | D:11     | Found a runed translucent door.
 16189 | D:11     | Found a runed translucent door.
 16190 | D:11     | Found a glowing golden altar of the Shining One.
 16375 | D:8      | Killed Gastronok
 16375 | D:8      | Reached skill level 8 in Fighting
 16567 | Lair:1   | Entered Level 1 of the Lair of Beasts
 16974 | Lair:1   | Reached skill level 5 in Long Blades
 16974 | Lair:1   | Reached skill level 13 in Air Magic
 17107 | Lair:1   | Learned a level 5 spell: Summon Mana Viper
 17547 | Lair:2   | Reached XP level 13. HP: 49/79 MP: 27/27
 17601 | Lair:2   | Found a frozen archway.
 17669 | IceCv    | Entered an ice cave
 18147 | IceCv    | Reached skill level 3 in Evocations
 18165 | IceCv    | Reached skill level 3 in Armour
 18269 | IceCv    | Noticed a frost giant
 18316 | IceCv    | Reached skill level 4 in Summonings
 18442 | IceCv    | Killed a frost giant
 19008 | IceCv    | Reached skill level 3 in Hexes
 19373 | IceCv    | Got a fine glaive
 19581 | Lair:2   | Identified the +7 glaive "Vipurr" {flame, +Inv Str+6} (You
                  | found it in an ice cave)
 19681 | Lair:2   | Reached skill level 13 in Conjurations
 21061 | Lair:2   | Reached skill level 4 in Armour
 21383 | Lair:2   | Found a staircase to the Swamp.
 21543 | Lair:3   | Noticed Urug
 21548 | Lair:3   | Killed Urug
 21548 | Lair:3   | Reached skill level 9 in Fighting
 21589 | Lair:3   | Reached skill level 5 in Summonings
 21590 | Lair:3   | Reached skill level 8 in Dodging
 21616 | Lair:3   | Offered knowledge of Sticky Flame by Vehumet.
 21833 | Lair:3   | Reached skill level 4 in Evocations
 22374 | Lair:3   | Noticed Rupert
 22704 | Lair:3   | Found a staircase to the Snake Pit.
 22816 | Lair:3   | Killed Rupert
 22816 | Lair:3   | Reached skill level 10 in Spellcasting
 22816 | Lair:3   | Reached XP level 14. HP: 86/86 MP: 9/29
 23116 | Lair:3   | Found the +7 lajatang of Order {silver, rMut}
 23862 | Lair:4   | Reached skill level 5 in Armour
 23862 | Lair:4   | Reached skill level 4 in Hexes
 24092 | Lair:4   | Reached skill level 6 in Summonings
 25573 | Lair:4   | Reached skill level 14 in Air Magic
 25826 | Lair:5   | Found a viscous altar of Jiyva.
 25826 | Lair:5   | Found a staircase to the Slime Pits.
 26364 | Lair:5   | Noticed Kirke
 26409 | Lair:5   | Killed Kirke
 27261 | Lair:6   | Entered Level 6 of the Lair of Beasts
 27264 | Lair:6   | Offered knowledge of Freezing Cloud by Vehumet.
 27407 | Lair:5   | Learned a level 6 spell: Freezing Cloud
 27443 | Lair:5   | Reached skill level 9 in Dodging
 27840 | Lair:6   | Reached skill level 7 in Summonings
 27857 | Lair:6   | Reached skill level 1 in Ice Magic
 28293 | Lair:6   | Reached skill level 14 in Conjurations
 28723 | Lair:6   | Reached skill level 10 in Fighting
 29028 | Lair:6   | Reached skill level 2 in Ice Magic
 29344 | Lair:6   | Reached XP level 15. HP: 42/92 MP: 21/30
 31163 | Lair:6   | Reached skill level 3 in Ice Magic
 31526 | Lair:6   | Reached skill level 11 in Fighting
 31526 | Lair:6   | Reached XP level 16. HP: 100/100 MP: 31/31
 31736 | Lair:6   | Offered knowledge of Yara's Violent Unravelling by Vehumet.
 31773 | Lair:6   | HP: 5/101 [entropy weaver (6)]
 31773 | Lair:6   | HP: 2/101 [entropy weaver (3)]
 31773 | Lair:6   | Mangled by an entropy weaver

Levels and vault maps discovered:
D:1:      psy_arrival_basics, layout_rooms
D:2:      layout_loops_ring, minmay_distorted, uniq_natasha,
          uniq_crazy_yiuf_cottage
D:3:      layout_basic, uniq_sigmund, uniq_terence
D:4:      layout_rooms, fedhas_altar_fruit_tree, lemuel_crystal_altar,
          nicolae_ossuary_entry_giza, dk_vineyard_1, uniq_grinder, uniq_pikel
D:5:      layout_loops_ring, ashenzari_conservatory_becter,
          minmay_temple_entry_slanted, first_ration, serial_shops,
          kennysheep_mini_moat
D:6:      layout_loops_cross, gammafunk_ghost_necromancy, gup_sewer_entry_glass
D:7:      layout_loops_ring, kennysheep_minor_cross, uniq_harold
D:8:      layout_rooms, hangedman_ru_absence, basic_altar,
          biasface_ghost_orc_armoury, grunt_livestock, minmay_ruined_shrine,
          uniq_psyche, uniq_gastronok
D:9:      layout_rooms, due_lair_maze_entry_diamond
D:10:     layout_roguey, orc_david_3, serial_shops, kennysheep_little_box,
          uniq_sonja, uniq_grum
D:11:     minmay_the_grid_triangle_9x9_recursive_3
          [minmay_the_grid_triangle_9x9_corruption,
          minmay_the_grid_triangle_9x9_zippers_horizontal,
          minmay_the_grid_triangle_9x9_limited_checkers,
          minmay_the_grid_triangle_9x9_prize_center,
          minmay_the_grid_triangle_9x9_descending_squares,
          minmay_the_grid_triangle_9x9_wacky_v,
          minmay_the_grid_triangle_9x9_empty,
          minmay_the_grid_triangle_9x9_flanged_cone,
          minmay_the_grid_triangle_9x9_skeleton], layout_cave_pools,
          muffindrake_ghost_dual_entry, basic_altar
Temple:   regret_index_temple_mists
Lair:1:   layout_cave_shapes, grunt_megastairs_2
Lair:2:   layout_gridlike, nicolae_swamp_entry_splash_gauntlet,
          portal_ice_cave_demonic_guard
Lair:3:   layout_gridlike, guppyfry_snake_entry_garden, roderic_batcave,
          serial_bayou_shore_a, uniq_rupert, uniq_urug
Lair:4:   layout_regular_city, wad_woods_03
Lair:5:   layout_concentric_octagons, slime_altar_1, uniq_kirke
Lair:6:   minmay_lair_end_frog_pond, layout_long_grid, zaba_antful_of_joy,
          lemuel_fruit_tree, serial_bayou_shore_b

Skill      XL: |  1  2  3  4  5  6  7  8  9 10 11 12 13 14 15 |
---------------+----------------------------------------------+-----
Conjurations   | 2 3 4 5 6 7 9 10 11 12 13 14 | 14.4
Air Magic      | 5 6 7 8 10 11 12 13 14 | 14.9
Spellcasting   | 3 4 5 7 8 9 10 | 10.9
Fighting       | 2 4 5 7 8 9 10 11 | 11.7
Dodging        | 3 5 7 8 9 |  9.9
Armour         | 2 4 5 |  5.0
Evocations     | 2 4 |  4.0
Stealth        | 3 |  3.0
Hexes          | 1 2 3 4 |  4.0
Summonings     | 3 5 7 |  7.0
Long Blades    | 1 5 |  5.0
Ice Magic      | 2 3 |  3.3

Action                   |  1- 3 |  4- 6 |  7- 9 | 10-12 | 13-15 | 16-18 || total
-------------------------+-------+-------+-------+-------+-------+-------++-------
Melee: Unarmed           |     5 |       |       |       |       |       ||     5
       Peck              |     2 |     1 |    12 |    29 |   102 |     4 ||   150
       Kick              |     1 |     1 |    32 |    48 |   133 |     8 ||   223
       Dagger            |     3 |     5 |    71 |       |       |       ||    79
       Whip              |       |       |    11 |       |       |       ||    11
       Short sword       |       |       |    39 |    73 |       |       ||   112
       Great sword       |       |       |       |    82 |   407 |    18 ||   507
 Cast: Shock             |    68 |    97 |   340 |   426 |   545 |    22 ||  1498
       Static Discharge  |       |       |    10 |    17 |    85 |     8 ||   120
       Airstrike         |       |       |     8 |    43 |    65 |     3 ||   119
       Lightning Bolt    |       |       |     2 |    32 |    31 |     6 ||    71
       Dazzling Spray    |       |       |       |     3 |     6 |       ||     9
       Swiftness         |       |       |       |     1 |     1 |       ||     2
       Summon Mana Viper |       |       |       |       |     4 |     1 ||     5
       Summon Butterflie |       |       |       |       |     1 |       ||     1
       Freezing Cloud    |       |       |       |       |       |     1 ||     1
 Abil: Fly               |       |     1 |       |       |       |       ||     1
Evoke: Wand              |       |       |       |     5 |    13 |       ||    18
       Lightning rod     |       |       |       |     2 |       |       ||     2
  Use: Scroll            |       |     2 |     9 |    13 |     6 |     2 ||    32
       Potion            |       |       |     1 |       |     2 |       ||     3
 Stab: Sleeping          |       |       |     5 |     2 |     1 |       ||     8
       Paralysed         |       |       |       |     6 |       |       ||     6
       Distracted        |       |       |       |       |     2 |       ||     2
       Invisible         |       |       |       |       |     1 |       ||     1
  Eat: Chunk             |     2 |     5 |     7 |     9 |    14 |       ||    37
       Ration            |       |       |     4 |     9 |     9 |       ||    22
Armor: Leather armour    |       |     7 |    52 |     2 |       |       ||    61
       Robe              |       |       |       |    79 |       |       ||    79
       Acid dragon scale |       |       |       |    10 |       |       ||    10
       Steam dragon scal |       |       |       |       |   207 |    12 ||   219
Dodge: Dodged            |    12 |    19 |   178 |   366 |   952 |    54 ||  1581
       Rpst.: Great sword |       |       |       |    49 |   243 |    18 ||   310

Table legend:
 A = Non-vault XP
 B = Vault XP
 C = Vault XP percentage of total XP
 D = Non-vault monster count
 E = Vault monster count
 F = Vault count percentage of total count
                 A         B        C        D         E       F
            +---------+---------+-------+---------+---------+-------
      Total |   48682 |   51411 |  51.4 |     440 |     253 |  36.5
            +---------+---------+-------+---------+---------+-------
        D:1 |      49 |       0 |   0.0 |      27 |       0 |   0.0
        D:2 |     173 |      79 |  31.3 |      26 |       3 |  10.3
        D:3 |     130 |     258 |  66.5 |      20 |       2 |   9.1
        D:4 |     328 |     671 |  67.2 |      22 |       4 |  15.4
        D:5 |    1070 |       0 |   0.0 |      39 |       0 |   0.0
        D:6 |    1154 |      33 |   2.8 |      26 |       5 |  16.1
        D:7 |    1080 |     934 |  46.4 |      20 |       1 |   4.8
        D:8 |     817 |    4114 |  83.4 |      23 |      16 |  41.0
        D:9 |    2461 |     930 |  27.4 |      24 |       9 |  27.3
       D:10 |    2606 |    1275 |  32.9 |      22 |      10 |  31.2
       D:11 |    4626 |    4767 |  50.8 |      42 |      21 |  33.3
     Lair:1 |    2387 |    1038 |  30.3 |      12 |       4 |  25.0
     Lair:2 |    7295 |    1856 |  20.3 |      35 |       8 |  18.6
     Lair:3 |    4936 |    4238 |  46.2 |      23 |      13 |  36.1
     Lair:4 |    5651 |     711 |  11.2 |      22 |       3 |  12.0
     Lair:5 |    5103 |    3025 |  37.2 |      22 |       9 |  29.0
     Lair:6 |    8816 |   17483 |  66.5 |      35 |      81 |  69.8
      Sewer |       0 |     111 | 100.0 |       0 |       6 | 100.0
    Ossuary |       0 |     350 | 100.0 |       0 |      22 | 100.0
      IceCv |       0 |    9538 | 100.0 |       0 |      36 | 100.0
            +---------+---------+-------+---------+---------+-------
